 Dungeon Crawl Stone Soup version 0.31.0-32-g396128a36d (webtiles) character file.

Game seed: 3828463776977443413

77 leafyfresh the Magician (level 4, 0/31 HPs)
             Began as a Djinni Ice Elementalist on Mar 22, 2024.
             Slain by a kobold
             ... wielding a +0 trident
              (6 damage)
             ... on level 2 of the Dungeon.
             The game lasted 00:01:59 (1189 turns).

leafyfresh the Magician (Djinni Ice Elementalist)   Turns: 1189, Time: 00:01:59

Health: 0/31       AC:  2    Str:  7    XL:     4   Next: 60%
Gold:   48         EV: 12    Int: 19    God:
                   SH:  0    Dex: 13

rFire   + + .        (no weapon)
rCold   x . .        (no shield)
rNeg    . . .        a - +0 robe
rPois   ∞            (no helmet)
rElec   .            (no cloak)
rCorr   .            (no gloves)
SInv    .            (boots unavailable)
Will    .....        (no amulet)
Stlth   ++           (no ring)
HPRegen 0.25/turn    (no ring)
MPRegen 0.00/turn

%: infuse magic (-1 HP)
@: flying
A: sickness immunity, fire resistance 2, cold vulnerability 1, float, innate
caster, HP casting, extra vitality 1
a: no special abilities


You were on level 2 of the Dungeon.
You visited 1 branch of the dungeon, and saw 2 of its levels.

You collected 48 gold pieces.

Inventory:

Armour
 a - a +0 robe (worn)
Talismans
 e - a maw talisman
Scrolls
 b - 2 scrolls of enchant armour {unknown}
 d - a scroll of noise {unknown}
 f - a scroll of poison {unknown}
 i - a scroll of teleportation {unknown}
Potions
 g - a potion of enlightenment {unknown}
 h - a potion of mutation {unknown}


   Skills:
 - Level 2.1 Dodging
 - Level 1.5 Stealth
 + Level 4.8 Spellcasting
 + Level 4.8 Conjurations
 + Level 4.8 Hexes
 + Level 4.8 Summonings
 + Level 4.8 Necromancy
 + Level 4.8 Translocations
 + Level 4.8 Fire Magic
 + Level 4.8 Ice Magic
 + Level 4.8 Air Magic
 + Level 4.8 Earth Magic
 + Level 4.8 Alchemy


You knew the following spells:

 Your Spells              Type           Power      Damage    Failure   Level
a - Freeze                Ice            88%        1d9       1%          1
b - Frozen Ramparts       Ice            44%        1d7       5%          3
c - Ozocubu's Armour      Ice            22%        N/A       5%          3
d - Summon Ice Beast      Ice/Summ       22%        N/A       5%          3
e - Apportation           Tloc           44%        N/A       1%          1
Your spell library was empty.

Dungeon Overview and Level Annotations

Branches:
Dungeon (2/15)

Altars:


Innate Abilities, Weirdness & Mutations

You are immune to sickness and miasma.
You are immune to poison.
Your flesh is very heat resistant. (rF++)
You are vulnerable to cold. (rC-)
You float through the air rather than walking.
You learn spells naturally, not from books.
Your magical power is your life essence.
You have superior vitality. (+4 MHP)


Message History

The wall freezes the jackal.
You kill the jackal!
A kobold comes into view. It is wielding a +0 trident.
The wall freezes the jackal.
The jackal barely misses you.
The wall freezes the jackal but does no damage.
The jackal closely misses you.
The wall freezes the jackal.
The jackal bites you.
A giant cockroach comes into view.
The wall freezes the jackal.
You kill the jackal!
The kobold barely misses you. The kobold closely misses you.
The kobold completely misses you.
Casting: Frozen Ramparts (dangerous; 5% risk of failure)
Confirm with . or Enter, or press ? or * to list all spells.
Aiming: Freeze (safe; 1% risk of failure)
Press: ? - help, Shift-Dir - straight line, f - giant cockroach
Aim: a giant cockroach You freeze the giant cockroach.
The giant cockroach is moderately wounded.
The frozen ramparts melt away.
The giant cockroach bites you but does no damage.
The kobold hits you from afar with a +0 trident!
The giant cockroach bites you but does no damage.
Unknown command.
Casting: Freeze (safe; 1% risk of failure)
Confirm with . or Enter, or press ? or * to list all spells.
Aiming: Freeze (safe; 1% risk of failure)
Press: ? - help, Shift-Dir - straight line, f/p - giant cockroach
Aim: a giant cockroach (moderately wounded)
You freeze the giant cockroach.
You kill the giant cockroach!
The kobold hits you from afar with a +0 trident.
Unknown command.
Unknown command.
The kobold attacks as it pursues you!
The kobold hits you from afar with a +0 trident!
* * * LOW HITPOINT WARNING * * *
The kobold hits you with a +0 trident.
You die...

##.##########.# #.#
#.# #.# #.# ##( #.#
#.# #..# #.# #.####..#
#.# ###.#.....#.
##.########...#.......
#.........#.###.......
#########.#..@K..>....
#.#####/...... #.#
<.....# #.# ......#
#.# ......# #.#
......# #.#### #######
#....# #....##


You could see a kobold.

Vanquished Creatures
  4 gnolls (D:2)
  A dart slug (D:1)
  A ribbon worm (D:2)
  An orc (D:2)
  3 ball pythons (D:1)
  A bat (D:1)
  2 endoplasms (D:1)
  A giant cockroach (D:2)
  A goblin (D:1)
  3 hobgoblins (D:1)
  7 jackals
  4 kobolds (D:1)
  A frilled lizard (D:1)
  A rat (D:1)
31 creatures vanquished.

Notes
Turn   | Place    | Note
-------+----------+-------------------------------------------
     0 | D:1      | leafyfresh the Djinni Ice Elementalist began the quest for
                  | the Orb.
     0 | D:1      | leafyfresh set off with the following spells memorised:
                  | Freeze, Frozen Ramparts, Ozocubu's Armour, Summon Ice
                  | Beast.
     0 | D:1      | Reached XP level 1. HP: 15/15 MP: 0/0
   101 | D:1      | Reached XP level 2. HP: 10/21 MP: 0/0
   508 | D:1      | Reached XP level 3. HP: 24/25 MP: 0/0
   508 | D:1      | Learned a level 1 spell: Apportation
  1012 | D:2      | Reached XP level 4. HP: 10/31 MP: 0/0
  1189 | D:2      | Slain by a kobold

Illustrated notes

Levels and vault maps discovered:
D:1:      elethiomel_arrival_infinity_welcomes_careful_drivers,
          layout_loops_ring, minivault_19
D:2:      layout_basic, minmay_pentomino_r4

Skill      XL: |  1  2 |
---------------+-------+-----
Spellcasting   | 4 |  4.8
Conjurations   | 4 |  4.8
Hexes          | 4 |  4.8
Summonings     | 4 |  4.8
Necromancy     | 4 |  4.8
Translocations | 4 |  4.8
Fire Magic     | 4 |  4.8
Ice Magic      | 4 |  4.8
Air Magic      | 4 |  4.8
Earth Magic    | 4 |  4.8
Alchemy        | 4 |  4.8
Dodging        | |  2.1
Stealth        | |  1.5

Action                     |  1- 3 |  4- 6 || total
---------------------------+-------+-------++-------
  Melee: Unarmed           |    15 |     2 ||    17
   Cast: Freeze            |    35 |     3 ||    38
         Frozen Ramparts   |     1 |     2 ||     3
         Ozocubu's Armour  |     1 |       ||     1
    Use: Potion            |     1 |     1 ||     2
   Stab: Sleeping          |     2 |       ||     2
 Armour: Robe              |    20 |    12 ||    32
  Dodge: Dodged            |    24 |    11 ||    35
